 Dungeon Crawl Stone Soup version 0.30-b1-2-g02819fbbbe (webtiles) character file.

Game seed: 1037080801932373851

7 loralnil the Insei (level 2, -1/18 HPs)
             Began as an Octopode Transmuter on Nov 17, 2023.
             Slain by an adder (4 damage)
             ... on level 1 of the Dungeon.
             The game lasted 00:01:40 (641 turns).

loralnil the Insei (Octopode Transmuter)             Turns: 641, Time: 00:01:41

Health: -1/18      AC:  1    Str:  9    XL:     2   Next: 0%
Magic:  3/5        EV: 13    Int: 15    God:
Gold:   27         SH:  5    Dex: 12    Spells: 4/5 levels left

rFire   . .          .
                       - Unarmed
rCold   . . .        (no shield)
rNeg    . . .        (helmet currently unavailable)
rPois   .            e - amulet of reflection
rElec   .            (no ring)
rCorr   .            (no ring)
SInv    .            (no ring)
Will    .....        (no ring)
Stlth   ++           (no ring)
HPRegen 0.23/turn    (no ring)
MPRegen 0.09/turn    (no ring)
                     (no ring)

%: reflection
@: appendages (expiring)
A: tentacle spike 3, almost no armour, amphibious, 8 rings, camouflage 1,
gelatinous body 1, (nimble swimmer 1), tentacles
a: End Transformation


You were on level 1 of the Dungeon.
One of your tentacles had grown a beastly spike.
You visited 1 branch of the dungeon, and saw 2 of its levels.

You collected 27 gold pieces.

Inventory:

Jewellery
 e - an amulet of reflection (around mantle)
Potions
 a - a potion of lignification
 f - a potion of flight {unknown}
 h - a potion of berserk rage {unknown}
 i - a potion of attraction {unknown}


   Skills:
 + Level 1.2 Fighting
 + Level 2.1 Dodging
 + Level 3.1 Unarmed Combat
 + Level 2.1 Spellcasting
 + Level 2.1 Transmutations


You had 4 spell levels left.
You knew the following spells:

 Your Spells              Type           Power      Damage    Failure   Level
a - Beastly Appendage     Tmut           14%        N/A       10%         1

Your spell library contained the following spells:

 Spells                   Type           Power      Damage    Failure   Level
 Wereblood                Tmut           7%         N/A       14%         2
 Spider Form              Tmut/Pois      4%         N/A       38%         3
 Ice Form                 Ice/Tmut       4%         N/A       80%         4


Dungeon Overview and Level Annotations

Branches:
Dungeon (2/15)

Altars:


Innate Abilities, Weirdness & Mutations

One of your tentacles has grown a beastly spike.
You cannot wear most types of armour.
You are amphibious.
You can wear up to eight rings at the same time.
Your skin changes colour to match your surroundings (Stealth+).
Your rubbery body absorbs attacks. (AC +1, EV +1)
((You are camouflaged when in or above water. (Stealth+)))
You have tentacles for arms and can constrict up to eight enemies at once.


Message History

One of your tentacles grows a vicious spike.
The hobgoblin barely misses you.
You tentacle-slap the hobgoblin. You grab the hobgoblin.
The hobgoblin is severely wounded.
You constrict the hobgoblin, but do no damage.
The hobgoblin misses you.
You tentacle-slap the hobgoblin.
You kill the hobgoblin!
You have reached level 2!
Your transformation is almost over.
You climb downwards.
The frilled lizard closely misses you. The adder closely misses you.
The frilled lizard bites you. The adder bites you.
There is a stone staircase leading up here.
The adder bites you.
You are poisoned.
The adder poisons you! The frilled lizard barely misses you.
You climb upwards.
You feel very sick.
There is a stone staircase leading down here.
You feel sick. The adder bites you.
You feel sick. The adder misses you.
You tentacle-slap the adder. Your grab misses the adder.
Your tentacle spike misses the adder.
The adder is moderately wounded.
You feel sick. The adder closely misses you.
You feel better. The adder closely misses you.
You closely miss the adder. Your grab misses the adder.
The adder is moderately wounded.
Your tentacle spike disappears.
The adder bites you.
Unknown command.
Casting: Beastly Appendage (safe; 10% risk of failure)
Confirm with . or Enter, or press ? or * to list all spells.
One of your tentacles grows a vicious spike.
Your transformation is almost over.
The adder bites you.
* * * LOW HITPOINT WARNING * * *
The adder bites you.
You die...

##### #...#
############
#...#
#....@Sl...##
#...#
#.#####.##..##
#...### #.#
#.......###......
#.#
#..####..........
#.####..#
#.##.......
#.......##
#.#####..##
#######..###.#
##... ##...#.#
####### ###...#
#......


You could see an adder and a frilled lizard.

Vanquished Creatures
  2 bats
  An endoplasm (D:2)
  A hobgoblin (D:1)
  A ball python (D:1)
  A kobold (D:2)
  A rat (D:1)
7 creatures vanquished.

Notes
Turn   | Place    | Note
-------+----------+-------------------------------------------
     0 | D:1      | loralnil the Octopode Transmuter began the quest for the
                  | Orb.
     0 | D:1      | Reached XP level 1. HP: 13/13 MP: 3/3
   632 | D:1      | Reached XP level 2. HP: 18/18 MP: 3/5
   641 | D:1      | Slain by an adder

Illustrated notes

Levels and vault maps discovered:
D:1:      scummos_arrival_simple_crosswalls, layout_basic,
          corexii_hall_statues_i, amcnicky_mini_corridor_feature
D:2:      layout_rooms, basic_altar, minmay_misc_feat_square

Action                     || total
---------------------------++-------
  Melee: Unarmed           ||    15
         Kick              ||     6
         Constrict         ||     5
   Cast: Beastly Appendage ||     7
    Use: Scroll            ||     3
         Potion            ||     1
   Stab: Sleeping          ||     1
  Dodge: Dodged            ||    16
  Block: Other             ||     2
